 Dungeon Crawl Stone Soup version 0.30.0-5-g1a98f26d00 (webtiles) character file.

Game seed: 10866490035983109957

125311 SnakkuSnakku7 the Markself (level 16, -6/100 HPs)
             Began as a Deep Elf Transmuter on May 10, 2023.
             Was the Champion of Kikubaaqudgha.
             Killed from afar by a white draconian knight (23 damage)
             ... with a shard of ice
             ... in an ice cave on May 11, 2023.
             The game lasted 00:54:05 (23988 turns).

SnakkuSnakku7 the Markself (Deep Elf Transmuter)   Turns: 23988, Time: 00:54:06

Health: -6/100     AC: 21    Str:  7    XL:     16   Next: 41%
Magic:  0/32       EV: 22    Int: 21    God:    Kikubaaqudgha [******]
Gold:   2047       SH:  0    Dex: 21    Spells: 27/36 levels left

rFire   . . .        a - +4 longbow (pain)
rCold   . . .        (shield currently unavailable)
rNeg    . . .        F - +0 troll leather armour
rPois   .            w - +0 helmet
rElec   .            i - +2 cloak
rCorr   .            s - +2 pair of gloves
SInv    .            S - +2 pair of boots
Will    +....        r - amulet of guardian spirit
Stlth   ++           e - +4 ring of slaying
HPRegen 1.16/turn    y - +4 ring of protection
MPRegen 0.23/turn

%: guardian spirit
@: no status effects
A: no striking features
a: Renounce Religion, Unearth Wretches, Torment


You were in an ice cave.
You worshipped Kikubaaqudgha.
Kikubaaqudgha was exalted by your worship.
You visited 6 branches of the dungeon, and saw 25 of its levels.
You also visited: Ice Cave and Volcano.

You collected 2711 gold pieces.
You spent 664 gold pieces at shops.

Inventory:

Hand Weapons
 a - a +4 longbow of pain (weapon)
Missiles
 j - 8 throwing nets
 P - 5 curare-tipped darts
Armour
 i - a +2 cloak (worn)
 s - a +2 pair of gloves (worn)
 w - a +0 helmet (worn)
 F - a +0 troll leather armour (worn)
 L - +0 fire dragon scales
 M - a +3 ring mail of fire resistance
 S - a +2 pair of boots (worn)
Jewellery
 b - a ring of protection from fire
 e - a +4 ring of slaying (left hand)
 r - an amulet of guardian spirit (around neck)
 v - an amulet of reflection
 y - a +4 ring of protection (right hand)
 N - a ring of flight
 X - a ring of poison resistance
Wands
 k - a wand of iceblast (3)
 t - a wand of acid (14)
 A - a wand of mindburst (1)
 C - a wand of charming (8)
 I - a wand of flame (24)
 V - a wand of digging (12)
Scrolls
 c - 2 scrolls of blinking
 u - 4 scrolls of fog
 J - 7 scrolls of teleportation
 O - 2 scrolls of poison
 Q - 6 scrolls of identify
 U - a scroll of silence
 W - 2 scrolls of vulnerability
Potions
 d - 9 potions of might
 f - 3 potions of cancellation
 g - 7 potions of flight
 h - a potion of brilliance
 l - a potion of haste
 m - 4 potions of berserk rage
 o - 6 potions of curing
 p - 3 potions of resistance
 z - 3 potions of mutation
 D - a potion of ambrosia
 G - a potion of attraction
 H - 2 potions of magic
 K - a potion of heal wounds


   Skills:
 + Level 11.2 Fighting
 - Level 18.0 Ranged Weapons
 - Level 10.0 Armour
 - Level 15.0 Dodging
 - Level 2.5 Unarmed Combat
 - Level 10.5 Spellcasting
 - Level 15.0 Necromancy
 - Level 2.4 Transmutations
 - Level 8.0 Earth Magic


You had 27 spell levels left.
You knew the following spells:

 Your Spells              Type           Power      Damage    Failure   Level
a - Borgnjor's Vile Clut  Necr/Erth      28%        N/A       1%          5
b - Dispel Undead         Necr           65%        3d22      1%          4

Your spell library contained the following spells:

 Spells                   Type           Power      Damage    Failure   Level
 Necrotise                Necr           100%       1d9       1%          1
 Cigotuvi's Dreadful Rot  Necr/Pois/Air  64%        N/A       1%          2
 Sublimation of Blood     Necr           65%        N/A       1%          2
 Vampiric Draining        Necr           65%        2d10      1%          3
 Animate Dead             Necr           65%        N/A       1%          4
 Death Channel            Necr           32%        N/A       2%          6
 Beastly Appendage        Tmut           42%        N/A       3%          1
 Anguish                  Hex/Necr       21%        N/A       3%          4
 Wereblood                Tmut           21%        N/A       4%          2
 Apportation              Tloc           22%        N/A       9%          1
 Freeze                   Ice            44%        1d6       9%          1
 Magic Dart               Conj           44%        1d5       9%          1
 Summon Small Mammal      Summ           44%        N/A       9%          1
 Call Imp                 Summ           22%        N/A       13%         2
 Searing Ray              Conj           22%        2d5       13%         2
 Static Discharge         Conj/Air       22%        2-3/arc   13%         2
 Spider Form              Tmut/Pois      16%        N/A       16%         3
 Ignite Poison            Fire/Tmut/Pois 14%        N/A       19%         3
 Call Canine Familiar     Summ           11%        N/A       26%         3
 Frozen Ramparts          Ice            22%        1d4       26%         3
 Hailstorm                Conj/Ice       11%        3d5       26%         3
 Inner Flame              Hex/Fire       11%        N/A       26%         3
 Portal Projectile        Hex/Tloc       22%        N/A       26%         3
 Summon Guardian Golem    Hex/Summ       11%        N/A       26%         3
 Tukima's Dance           Hex            11%        N/A       26%         3
 Ice Form                 Ice/Tmut       16%        N/A       45%         4
 Simulacrum               Ice/Necr       21%        N/A       52%         6
 Airstrike                Air            5%         2d(1-17)  63%         4
 Flame Wave               Conj/Fire      11%        2d6       63%         4
 Fulminant Prism          Conj/Hex       5%         3d7       63%         4
 Passage of Golubria      Tloc           11%        N/A       63%         4
 Sticky Flame             Conj/Fire      11%        2d3       63%         4
 Summon Ice Beast         Ice/Summ       11%        N/A       63%         4
 Summon Lightning Spire   Summ/Air       11%        N/A       63%         4
 Blade Hands              Tmut           10%        N/A       63%         5
 Alistair's Intoxication  Tmut/Pois      10%        N/A       80%         5
 Irradiate                Conj/Tmut      8%         3d14      80%         5
 Yara's Violent Unravell  Hex/Tmut       8%         3d5       80%         5
 Freezing Cloud           Conj/Ice/Air   5%         6-21      93%         5
 Silence                  Hex/Air        5%         N/A       93%         5
 Summon Forest            Summ/Tloc      5%         N/A       93%         5
 Summon Mana Viper        Hex/Summ       11%        N/A       93%         5
 Conjure Ball Lightning   Conj/Air       5%         3x3d6     100%        6
 Dragon Form              Tmut           10%        N/A       100%        7
 Enfeeble                 Hex            5%         N/A       100%        7
 Monstrous Menagerie      Summ           5%         N/A       100%        7
 Ozocubu's Refrigeration  Ice            5%         4d8       100%        7
 Summon Hydra             Summ           5%         N/A       100%        7
 Discord                  Hex            5%         N/A       100%        8
 Disjunction              Tloc           5%         N/A       100%        8
 Lehudib's Crystal Spear  Conj/Erth      13%        10d5      100%        8
 Polar Vortex             Ice            5%         N/A       100%        9


Dungeon Overview and Level Annotations

Branches:
Dungeon (15/15)            Temple (1/1) D:4            Lair (5/5) D:9
  Swamp (1/4) Lair:2        Snake (1/4) Lair:3        Slime (0/5) Lair:5
    Orc (2/2) D:11            Elf (0/3) Orc:2        Vaults (0/5) D:13
 Depths (0/4) D:15          IceCv (1/1)             Volcano (visited)

Altars:
Cheibriados
Dithmenos
Elyvilon
Fedhas
Gozag
Hepliaklqana
Kikubaaqudgha
Makhleb
Nemelex Xobeh
Qazlal
Ru
Sif Muna
Trog
Uskayaw
Wu Jian
Yredelemnul
Zin
Jiyva

Shops:
D:4 [   D:5 [   D:6 *   Orc:1 *(   Orc:2 (?**(

Portals:
Hell: Lair:5

Annotations:
Swamp:1 Aizul; Donald
Orc:1 2 transporters, ragingrage's ghost, journeyman HuCA


Message History

You see here a potion of lignification.
Your extra speed is starting to run out.
You feel yourself slow down.
Okay, then.
You are confused.
You feel invigorated.
You feel less invigorated.
You feel less confused.
The white draconian knight casts a spell.
The white draconian knight seems to speed up.
The white draconian knight casts a spell.
The white draconian knight flickers and vanishes!
As you read the scroll of teleportation, it crumbles to dust.
You feel strangely unstable.
You hear a roar.
A blast of cold appears from out of thin air!
The blast of cold misses you.
Your surroundings seem slightly different.
As you read the scroll of teleportation, it crumbles to dust.
You feel strangely unstable.
You hear some strange, mumbled words.
A bolt of cold appears from out of thin air!
The bolt of cold hits you!!
You hear some strange, mumbled words.
A bolt of cold appears from out of thin air!
The bolt of cold hits you!!!
Your surroundings suddenly seem different.
Okay, then.
Really read the scroll of poison?
You can't even see any enemies this would affect.
The air fills with toxic fumes!
As you read the scroll of poison, it crumbles to dust.
You hear a roar.
A blast of cold appears from out of thin air!
The blast of cold hits you!!
* * * LOW HITPOINT WARNING * * *
You hear some strange, mumbled words.
A shard of ice appears from out of thin air!
The shard of ice hits you!!
You die...
Kikubaaqudgha rasps: "You have failed me!
Welcome... death!"

##...# ###.)....##
##...#####...#.##..#
##§.).#.#...#####.#..
#§§.#.....### ##...
#§§####.### #.!##
##§§##### #..#. ##§§#
##... ####§§#### ####
##.#{§@§#.##
##§§§§§§§§§§###
##§§§§§§§§§§§§§#
##§§§§§§§§§§§§§§###
#.§§§§§§§§§§§§§§§.#
#.§§§§§§§§§§§§§§§### ###
##§§§§§§§§§§§§§§#..#####.#
##§§§§§§§§§§§####...#..#.
##........### ###..{#.#


There were no monsters in sight!

Vanquished Creatures
  2 orc warlords
  4 white draconians (IceCv)
  A fire dragon (D:14)
  A great orb of eyes (D:15)
  2 rakshasas (D:15)
  Harold (Lair:1)
  7 hydras
  4 ogre magi (Orc:2)
  Erica (Lair:2)
  5 centaur warriors
  2 dancing weapons (D:13)
  15 two-headed ogres
  7 boulder beetles
  2 naga warriors (Snake:1)
  A hell hog (Volcano)
  A shock serpent (shapeshifter) (D:15)
  A sun demon (Lair:5)
  Nergalle (Lair:3)
  3 skysharks (Lair:5)
  A salamander mystic (Snake:1)
  A naga ritualist (Snake:1)
  2 wizards
  An orange crystal statue (IceCv)
  4 orc knights
  A mana viper (Snake:1)
  9 ugly things
  4 deep elf pyromancers
  3 salamanders
  An orc sorcerer (Orc:2)
  5 cyclopes
  26 elephants
  A manticore (D:13)
  15 black mambas
  Maurice (D:10)
  3 naga magi (Snake:1)
  4 gargoyles
  3 orange demons (Lair:5)
  5 rime drakes
  A torpor snail (Lair:5)
  8 cane toads
  5 storm dragon simulacra (IceCv)
  Psyche (D:9)
  4 kobold demonologists
  6 komodo dragons
  3 yaktaurs
  4 efreet
  A freezing wraith (D:15)
  3 golden dragon simulacra (IceCv)
  2 red devils (Lair:5)
  12 trolls
  An ice devil (Lair:5)
  A meliai (shapeshifter) (D:14)
  3 meliai (D:15)
  A hellwing (Lair:5)
  2 tyrant leeches
  A wolf spider simulacrum (D:14)
  2 polar bears (Lair:3)
  5 dream sheep (Lair:3)
  19 blink frogs
  3 hornets
  14 slime creatures
  7 centaur simulacra
  3 vampires
  4 shadows
  4 wyverns
  A water elemental (D:13)
  5 wraiths
  64 yaks
  A human (D:9)
  A fire bat (Volcano)
  4 basilisks
  7 vampire mosquitoes
  7 wargs
  Menkaure (D:4)
  An acid dragon (D:13)
  4 swamp worms
  5 hell hounds
  7 nagas (Snake:1)
  19 water moccasins
  29 orc warriors
  A meliai simulacrum (D:13)
  A sky beast (D:7)
  2 swamp drakes
  2 black bears
  4 ice beasts (D:13)
  8 ice dragon simulacra (IceCv)
  35 ogres
  23 wolves
  11 centaurs
  7 kobold brigands
  16 bullfrogs
  2 gnoll sergeants
  14 wights
  21 killer bees
  3 lindwurm simulacra (IceCv)
  3 howler monkeys
  8 electric eels
  5 hounds
  A jelly (D:7)
  16 orc priests
  A gnoll bouda (D:8)
  26 orc wizards
  An iguana (D:6)
  A mummy (D:7)
  27 gnolls
  8 adders
  A shadow imp (D:8)
  4 white imps
  3 ufetubi
  A worm (D:4)
  5 dart slugs
  92 orcs
  8 endoplasms
  3 giant cockroaches
  4 goblins
  6 hobgoblins
  2 jackals (D:2)
  2 quokkas
  9 ball pythons
  2 bats (D:1)
  2 frilled lizards
  24 kobolds
  3 rats
845 creatures vanquished.

Vanquished Creatures (others)
  A two-headed ogre (Volcano)
  A yak (D:9)
2 creatures vanquished.

Grand Total: 847 creatures vanquished

Notes
Turn   | Place    | Note
-------+----------+-------------------------------------------
     0 | D:1      | SnakkuSnakku7 the Deep Elf Transmuter began the quest for
                  | the Orb.
     0 | D:1      | Reached XP level 1. HP: 11/11 MP: 6/6
    96 | D:1      | Reached skill level 1 in Ranged Weapons
   101 | D:1      | Reached XP level 2. HP: 16/16 MP: 8/8
   212 | D:1      | Reached skill level 2 in Ranged Weapons
   547 | D:1      | Reached skill level 3 in Ranged Weapons
   772 | D:1      | You fall into a shaft and drop 1 floor!
   911 | D:3      | Reached XP level 3. HP: 20/20 MP: 9/9
  1068 | D:2      | Reached skill level 4 in Ranged Weapons
  1189 | D:2      | Reached XP level 4. HP: 24/24 MP: 10/10
  1194 | D:2      | Reached skill level 5 in Ranged Weapons
  1435 | D:2      | Reached XP level 5. HP: 17/28 MP: 11/11
  1494 | D:2      | Reached skill level 6 in Ranged Weapons
  1516 | D:2      | Found a faded altar of an unknown god.
  1881 | D:3      | Found a stormy altar of Qazlal.
  2291 | D:4      | Noticed Menkaure
  2357 | D:4      | Reached skill level 7 in Ranged Weapons
  2433 | D:4      | Reached XP level 6. HP: 33/33 MP: 12/12
  2452 | D:4      | Found a staircase to the Ecumenical Temple.
  2464 | Temple   | Entered the Ecumenical Temple
  2535 | Temple   | Became a worshipper of Kikubaaqudgha
  2663 | D:4      | Found Boibunt's Armour Shop.
  2676 | D:4      | Killed Menkaure
  2677 | D:4      | Reached skill level 8 in Ranged Weapons
  3083 | D:5      | Entered Level 5 of the Dungeon
  3088 | D:5      | Reached skill level 9 in Ranged Weapons
  3107 | D:5      | Noticed a water moccasin
  3132 | D:5      | Killed a water moccasin
  3133 | D:5      | Reached XP level 7. HP: 8/37 MP: 13/13
  3149 | D:5      | Reached skill level 10 in Ranged Weapons
  3308 | D:5      | Found Hemam's Armour Shoppe.
  3409 | D:5      | Bought a +2 leather armour of fire resistance for 266 gold
                  | pieces
  3512 | D:5      | Reached * piety under Kikubaaqudgha
  3512 | D:5      | Received a gift from Kikubaaqudgha
  3719 | D:6      | Found Seplead's General Store.
  3772 | D:6      | Reached skill level 11 in Ranged Weapons
  3816 | D:6      | Found a shadowy altar of Dithmenos.
  3818 | D:6      | Found a sacrificial altar of Ru.
  3818 | D:6      | Found a bloodstained altar of Trog.
  4002 | D:6      | Reached XP level 8. HP: 42/42 MP: 14/14
  4014 | D:6      | Reached skill level 12 in Ranged Weapons
  4086 | D:5      | Bought a +0 pair of gloves for 63 gold pieces
  5049 | D:6      | Reached skill level 13 in Ranged Weapons
  5264 | D:7      | Reached skill level 14 in Ranged Weapons
  5273 | D:7      | Reached ** piety under Kikubaaqudgha
  5371 | D:7      | Found a sparkling altar of Nemelex Xobeh.
  5417 | D:7      | Reached XP level 9. HP: 46/46 MP: 15/15
  5421 | D:7      | Reached skill level 15 in Ranged Weapons
  5532 | D:7      | Found a snail-covered altar of Cheibriados.
  6017 | D:7      | Reached skill level 16 in Ranged Weapons
  6345 | D:8      | Noticed a two-headed ogre
  6356 | D:8      | Reached *** piety under Kikubaaqudgha
  6356 | D:8      | Received a gift from Kikubaaqudgha
  6357 | D:8      | Reached skill level 17 in Ranged Weapons
  6372 | D:8      | Learned a level 5 spell: Borgnjor's Vile Clutch
  6377 | D:8      | Learned a level 4 spell: Dispel Undead
  6411 | D:8      | Found a glowing silver altar of Zin.
  6412 | D:8      | Noticed an angel
  6530 | D:8      | Reached skill level 1 in Necromancy
  7000 | D:8      | Reached skill level 5 in Necromancy
  7274 | D:9      | Reached XP level 10. HP: 51/51 MP: 16/16
  7479 | D:9      | Found a staircase to the Lair.
  7544 | D:9      | Reached **** piety under Kikubaaqudgha
  7710 | D:9      | Noticed Psyche
  7731 | D:9      | Killed Psyche
  7929 | D:9      | Reached skill level 10 in Necromancy
  7929 | D:9      | Reached skill level 1 in Earth Magic
  8475 | D:10     | Entered Level 10 of the Dungeon
  8483 | D:10     | Reached skill level 5 in Earth Magic
  8605 | D:10     | Noticed Maurice
  8617 | D:10     | Killed Maurice
  8632 | D:9      | Reached XP level 11. HP: 13/55 MP: 4/17
  8882 | D:10     | Found a burning altar of Makhleb.
  8921 | D:10     | Found a blossoming altar of Fedhas.
  9130 | D:10     | Reached ***** piety under Kikubaaqudgha
  9266 | D:8      | Killed a two-headed ogre
  9329 | Lair:1   | Entered Level 1 of the Lair of Beasts
  9329 | Lair:1   | Noticed Sonja
  9330 | Lair:1   | Sonja changed into Sonja the human
  9330 | Lair:1   | Noticed Sonja
  9431 | Lair:1   | Reached skill level 5 in Spellcasting
  9933 | Lair:1   | Noticed Harold
  9947 | Lair:1   | Killed Harold
 10289 | Lair:1   | Reached skill level 10 in Spellcasting
 10377 | Lair:2   | Reached skill level 1 in Fighting
 10462 | Lair:2   | Noticed Erica
 10471 | Lair:2   | Killed Erica
 10532 | Lair:2   | Noticed a four-headed hydra
 10545 | Lair:2   | Killed a four-headed hydra
 10546 | Lair:2   | Reached XP level 12. HP: 66/66 MP: 22/28
 10714 | Lair:2   | Reached skill level 5 in Fighting
 10725 | Lair:2   | Noticed a four-headed hydra
 10740 | Lair:2   | Killed a four-headed hydra
 10941 | Lair:2   | Noticed a seven-headed hydra
 10957 | Lair:2   | Killed a seven-headed hydra
 11057 | Lair:2   | Found a staircase to the Swamp.
 12350 | Lair:3   | Noticed a four-headed hydra
 12357 | Lair:3   | Killed a four-headed hydra
 12405 | Lair:3   | Reached XP level 13. HP: 52/82 MP: 4/29
 12542 | Lair:3   | Found a staircase to the Snake Pit.
 12555 | Lair:3   | Noticed Nergalle
 12572 | Lair:3   | Killed Nergalle
 12573 | Lair:3   | Reached skill level 10 in Fighting
 13118 | Lair:4   | Reached ****** piety under Kikubaaqudgha
 13121 | Lair:4   | Identified a +2 longbow of pain (a +0 longbow bloodied by
                  | Kikubaaqudgha)
 13121 | Lair:4   | Received a gift from Kikubaaqudgha
 13160 | Lair:4   | Found a dark tunnel.
 13171 | Volcano  | Entered a volcano
 13219 | Volcano  | Reached skill level 5 in Dodging
 13853 | Lair:4   | Reached skill level 10 in Dodging
 14089 | Lair:4   | Found a shadowy altar of Dithmenos.
 14365 | Lair:5   | Entered Level 5 of the Lair of Beasts
 14432 | Lair:5   | Reached skill level 18 in Ranged Weapons
 14454 | Lair:4   | Reached skill level 1 in Armour
 14779 | Lair:5   | Reached XP level 14. HP: 44/88 MP: 14/30
 14886 | Lair:5   | Reached skill level 5 in Armour
 14927 | Lair:5   | Found a staircase to the Slime Pits.
 14927 | Lair:5   | Found a viscous altar of Jiyva.
 15544 | Lair:5   | Found a burning altar of Makhleb.
 15587 | Lair:5   | Found a gateway to Hell.
 15820 | D:9      | Killed Sonja the human
 16411 | D:11     | Found a staircase to the Orcish Mines.
 16991 | D:12     | Reached skill level 10 in Armour
 17610 | D:12     | Reached XP level 15. HP: 87/92 MP: 27/31
 17878 | Orc:1    | Entered Level 1 of the Orcish Mines
 18175 | Orc:1    | Found Yrghehaa's Antique Weapon Emporium.
 18261 | Orc:1    | Found a transporter.
 18270 | Orc:1    | Noticed ragingrage's ghost (journeyman HuCA)
 18271 | Orc:1    | Found a transporter.
 18272 | Orc:1    | Identified the +4 great mace "Rucistrek" {freeze, Fly}
 18361 | Orc:1    | Found Diappylits's CLEARANCE SALE!.
 18364 | Orc:1    | Bought a scroll of teleportation for 18 gold pieces
 18481 | Orc:2    | Entered Level 2 of the Orcish Mines
 18527 | Orc:2    | Found Tuqyesag's Overcharged Wands.
 18944 | Orc:2    | Found Byce's Antique Weapon Emporium.
 18944 | Orc:2    | Found Foivvony's Magic Scroll Boutique.
 18945 | Orc:2    | Found Hufussu's Assorted Antiques.
 18945 | Orc:2    | Found Udiunt's Antique Weapon Shoppe.
 18952 | Orc:2    | Bought a scroll of blinking for 112 gold pieces
 18952 | Orc:2    | Bought a scroll of blinking for 112 gold pieces
 18952 | Orc:2    | Bought a scroll of teleportation for 45 gold pieces
 18956 | Orc:2    | Bought a scroll labelled IFOMPU OMOI for 24 gold pieces
 18956 | Orc:2    | Bought a scroll labelled IFOMPU OMOI for 24 gold pieces
 19079 | Orc:2    | Found a staircase to the Elven Halls.
 19756 | D:13     | Found a gate to the Vaults.
 21087 | D:14     | Reached skill level 15 in Dodging
 21115 | D:14     | Got the Disquisition on Phantasmal Rot
 21420 | D:15     | Entered Level 15 of the Dungeon
 21848 | D:14     | Reached XP level 16. HP: 77/97 MP: 23/32
 22344 | D:15     | Paralysed by a great orb of eyes for 3 turns
 22417 | D:15     | Found a staircase to the Depths.
 22684 | Swamp:1  | Entered Level 1 of the Swamp
 22713 | Swamp:1  | Noticed Donald
 22716 | Swamp:1  | Noticed Aizul
 22826 | Snake:1  | Entered Level 1 of the Snake Pit
 22982 | Snake:1  | Reached skill level 15 in Necromancy
 23075 | Snake:1  | Found a frozen archway.
 23084 | IceCv    | Entered an ice cave
 23755 | IceCv    | Identified the ring "Plog" {Fire +Blink rN+++ MP+9 Str-3}
 23906 | IceCv    | HP: 4/100 [something/blast of cold (38)]
 23988 | IceCv    | Killed from afar by a white draconian knight

Illustrated notes

Levels and vault maps discovered:
D:1:      dpeg_arrival_radiant, layout_loops_ring
D:2:      layout_loops_ring, shapermc_ecumenical_altar_totnotflames
D:3:      layout_loops_ring, mainiacjoe_overflow_brackets
D:4:      nicolae_cairo_tiling_large_dashed, layout_basic,
          minmay_temple_entry_offerings, serial_shops, nicolae_shop_waterfront,
          uniq_menkaure
D:5:      layout_rooms, serial_shops, nicolae_shop_hallway_stairs,
          glass_columns_a, dk_rats_in_the_wall
D:6:      layout_basic, gammafunk_temple_overflow_claw, serial_shops, shop,
          serial_bayou_lagoon_a
D:7:      minmay_recursive_quarters, layout_loops_ring,
          nemelex_dance_club_becter, slow_altar_1, serial_bayou_pond_b
D:8:      layout_basic, zin_angel, chequers_serial_rivers_micro_e,
          kennysheep_another_room
D:9:      layout_roguey, dpeg_oklobed_lair, uniq_psyche
D:10:     layout_rooms, mainiacjoe_overflow_big_doors, columned_hall_lemuel,
          evilmike_butchery, uniq_maurice
D:11:     layout_rooms, erik_orc_1
D:12:     minmay_the_grid_3x3 [minmay_the_grid_broken_lines,
          minmay_the_grid_empty, minmay_the_grid_minigrid_small_alt,
          minmay_the_grid_square_x, minmay_the_grid_embedded,
          minmay_the_grid_all_tris, minmay_the_grid_spikes,
          minmay_the_grid_rooms, minmay_the_grid_prize_inner_circle],
          layout_basic, minmay_starry_boxes
D:13:     layout_loops_ring, erik_vaults_1, serial_ice, serial_ice_c,
          serial_ice_g, serial_ice_b, serial_ice_j, serial_ice_d, serial_ice_m,
          serial_ice_e, serial_ice_n, lemuel_old_faithful
D:14:     dragon1_lemuel, layout_loops_corners, minmay_misc_feat_diagonals
D:15:     gammafunk_enter_depths_forms, layout_basic, kennysheep_pointless_box
Temple:   nicolae_temple_figure_eight
Lair:1:   layout_gridlike, infiniplex_staircase_pool_2, grunt_megastairs_2,
          uniq_harold, uniq_sonja
Lair:2:   layout_cave_pods, palyth_hydra_swamp_entry, uniq_erica
Lair:3:   layout_roguey, minmay_snake_entry_six_corridors, serial_bayou_shore_b,
          uniq_nergalle
Lair:4:   layout_small_grid, basic_altar, enter_volcano_2
Lair:5:   evil_forest, layout_regular_city, slime_entry_1,
          nicolae_quartered_pool_impasse, pdpol_lair_cavern_descent
Swamp:1:  layout_basic_swamp, nicolae_swamp_tree_isthmus, uniq_aizul,
          uniq_donald, uniq_roxanne
Snake:1:  layout_misc_corridors, portal_ice_cave_entry_pillars_four,
          uniq_asterion
Orc:1:    layout_diamond_mine, serial_shops, shop, gammafunk_ghost_smash,
          nicolae_shop_clearance
Orc:2:    st_orc_ogre_mass, layout_diamond_mine, nicolae_shop_overcharged_wands
IceCv:    ice_cave_small_dragons

Skill      XL: |  1  2  3  4  5  6  7  8  9 10 11 12 13 14 15 16 |
---------------+-------------------------------------------------+-----
Ranged Weapons | 1 3 4 5 7 9 11 14 17 18 | 18.0
Necromancy     | 5 10 11 13 15 | 15.0
Earth Magic    | 6 8 |  8.0
Spellcasting   | 10 | 10.5
Fighting       | 4 9 10 11 | 11.2
Dodging        | 10 15 | 15.0
Armour         | 4 10 | 10.0
Unarmed Combat | |  2.5
Transmutations | |  2.4

Action                     |  1- 3 |  4- 6 |  7- 9 | 10-12 | 13-15 | 16-18 || total
---------------------------+-------+-------+-------+-------+-------+-------++-------
  Melee: Unarmed           |    14 |       |       |       |       |       ||    14
         Kick              |     4 |       |       |       |       |       ||     4
         Punch             |     1 |       |       |       |       |       ||     1
         Longbow           |       |       |       |       |     2 |       ||     2
   Fire: Longbow           |    63 |   122 |   335 |   686 |  1460 |   292 ||  2958
   Cast: Beastly Appendage |     3 |       |       |       |       |       ||     3
         Borgnjor's Vile C |       |       |       |    14 |    10 |     4 ||    28
         Dispel Undead     |       |       |       |       |       |     6 ||     6
 Invoke: Brand Weapon With |       |       |       |       |     1 |       ||     1
  Evoke: Wand              |       |       |     4 |     8 |     2 |     6 ||    20
    Use: Scroll            |       |     6 |     3 |    10 |    12 |     9 ||    40
         Potion            |       |     4 |     3 |     6 |       |     6 ||    19
 Armour: Robe              |     9 |     3 |     2 |       |       |       ||    14
         Skin              |       |    50 |    54 |    14 |       |       ||   118
         Leather armour    |       |       |    27 |    36 |       |       ||    63
         Troll leather arm |       |       |       |    96 |   195 |    16 ||   307
  Dodge: Dodged            |    39 |    22 |    97 |   189 |   527 |    90 ||   964
